 Dungeon Crawl Stone Soup version 0.28.0-49-g6dfe1f597d (webtiles) character file.

Game seed: 6647405839333996880

55 Hodglim the Vexing (level 3, 0/18 HPs)
             Began as a Spriggan Arcane Marksman on May 12, 2022.
             Slain by an adder (1 damage)
             ... on level 3 of the Dungeon.
             The game lasted 00:14:02 (2910 turns).

Hodglim the Vexing (Spriggan Arcane Marksman)       Turns: 2910, Time: 00:14:02

Health: 0/18       AC:  2    Str:  6    XL:     3   Next: 67%
Magic:  6/6        EV: 18    Int: 14    God:
Gold:   52         SH:  0    Dex: 17    Spells: 3/4 levels left

rFire   . . .      SeeInvis +   b - +0 short sword
rCold   . . .      Faith    .   (no shield)
rNeg    . . .      Spirit   .   d - +0 robe
rPois   .          Reflect  .   (helmet restricted)
rElec   .          Harm     .   (no cloak)
rCorr   .          Rampage  .   (gloves unavailable)
Will    .....                   (boots unavailable)
Stlth   ++........              (no amulet)
HPRegen 0.06/turn               (no ring)
MPRegen 0.10/turn               (no ring)

@: lethally poisoned (0 -> -1), very quick
A: very small, no large weapons, unfitting armour, see invisible, speed 3
a: no special abilities


You were on level 3 of the Dungeon.
You visited 1 branch of the dungeon, and saw 4 of its levels.

You collected 52 gold pieces.

Inventory:

Hand Weapons
 a - a +0 shortbow
 b - a +0 short sword (weapon)
 h - a +0 dagger
Armour
 d - a +0 robe (worn)
Jewellery
 e - a ring of ice
 f - a ring of fire
Scrolls
 g - a scroll of enchant armour {unknown}
 j - a scroll of identify {unknown}
 k - a scroll of enchant weapon {unknown}
Potions
 i - a potion of berserk rage {unknown}
 l - a potion of invisibility {unknown}


   Skills:
 + Level 1.3 Fighting
 + Level 0.2 Short Blades
 + Level 3.7 Bows
 + Level 3.2 Dodging
 + Level 0.5 Stealth
 + Level 1.3 Spellcasting
 + Level 4.1 Hexes


You had 3 spell levels left.
You knew the following spells:

 Your Spells              Type           Power      Damage    Failure   Level
a - Slow                  Hex            48%        N/A       4%          1

Your spell library contained the following spells:

 Spells                   Type           Power      Damage    Failure   Level
 Inner Flame              Hex/Fire       6%         N/A       32%         3
 Portal Projectile        Hex/Tloc       12%        N/A       32%         3
 Cause Fear               Hex            6%         N/A       43%         4


Dungeon Overview and Level Annotations

Branches:
Dungeon (4/15)
 Temple: D:4-7

Altars:


Innate Abilities, Weirdness & Mutations

You are very small and have problems with some larger weapons.
You are too small for most types of armour.
You have supernaturally acute eyesight. (SInv)
You cover ground extremely quickly. (Speed+++)


Message History

An endoplasm comes into view.
The adder hisses angrily.
The endoplasm quivers.
There is a stone staircase leading up here.
You hit the endoplasm.
The endoplasm is almost dead.
The endoplasm freezes you.
You are frozen.
You hit the endoplasm but do no damage.
The endoplasm is almost dead.
The endoplasm freezes you.
You are frozen.
You hit the endoplasm.
You kill the endoplasm!
The adder misses you.
You barely miss the adder. The adder barely misses you.
You hit the adder but do no damage. The adder bites you.
You are poisoned.
The adder poisons you! The adder bites you.
Casting: Slow (safe; 4% risk of failure)
Confirm with . or Enter, or press ? or * to list all spells.
Okay, then.
Unknown command.
You hit the adder.
The adder is moderately wounded.
* * * LOW HITPOINT WARNING * * *
You feel sick. The adder completely misses you.
You hit the adder.
The adder is heavily wounded.
* * * LOW HITPOINT WARNING * * *
You feel sick. The adder closely misses you.
You closely miss the adder.
The adder is heavily wounded.
* * * LOW HITPOINT WARNING * * *
You feel sick. The adder closely misses you. The adder barely misses you.
You closely miss the adder.
The adder is heavily wounded.
* * * LOW HITPOINT WARNING * * *
You feel sick. The adder bites you.
You die...

#...........#
######...........#
#....S............
#.####...........# #.#
#...........# #.#
#...........#
.##.###.####...........#
...........+............
#.#.###@####...........#
#S# #############
##.####### #.........
#..####### #..# .<..#
..S##.# ..... ...


You could see an adder.

Vanquished Creatures
  A gnoll (D:3)
  2 worms (D:2)
  A dart slug (D:3)
  2 endoplasms
  2 giant cockroaches
  5 hobgoblins
  5 kobolds
  2 quokkas (D:2)
  4 ball pythons
  3 bats (D:1)
  9 frilled lizards
  2 goblins
  A rat (D:2)
39 creatures vanquished.

Notes
Turn   | Place    | Note
-------+----------+-------------------------------------------
     0 | D:1      | Hodglim the Spriggan Arcane Marksman began the quest for
                  | the Orb.
     0 | D:1      | Reached XP level 1. HP: 9/9 MP: 3/3
   282 | D:1      | Reached XP level 2. HP: 14/14 MP: 5/5
   370 | D:1      | Reached skill level 4 in Hexes
   425 | D:1      | Found a faded altar of an unknown god.
   621 | D:1      | Reached skill level 1 in Fighting
  1338 | D:2      | Reached XP level 3. HP: 18/18 MP: 6/6
  1939 | D:2      | You fall into a shaft and drop 2 floors!
  1939 | D:4      | Noticed a scorpion
  1953 | D:4      | Noticed a phantom
  2910 | D:3      | Slain by an adder

Illustrated notes

Levels and vault maps discovered:
D:1:      tarquinn_simple_flora_water_f, layout_loops_ring,
          dreamdust_ecumenical_altar_statues, serial_bayou_pond_d
D:2:      layout_basic, minmay_lizard_pond
D:3:      layout_basic, lemuel_tele_altar, kennysheep_decorative_pillar,
          uniq_ijyb
D:4:      layout_basic, mainiacjoe_overflow_alcove_3, zin_scriptorium,
          uniq_natasha

Skill      XL: |  1  2 |
---------------+-------+-----
Hexes          | 4 |  4.1
Fighting       | 1 |  1.3
Bows           | 3 |  3.7
Dodging        | 3 |  3.2
Short Blades   | |  0.2
Stealth        | |  0.5
Spellcasting   | |  1.3

Action                   || total
-------------------------++-------
Melee: Short sword       ||    69
       Dagger            ||    10
 Fire: Shortbow          ||    81
Armor: Robe              ||    13
Dodge: Dodged            ||   109
